TOP OF THE 1ST |
Overland Park HS Triplets batting - Pitching for Buchanan HS : RHP Luis Orama
|
Pitching: RHP Luis Orama
|
|
Batting: LHB John Washington
|
0-0: Ball 1-0: Called Strike 1-1: SOLO HOME RUN (Flyball, 9D), Distance : 368 ft
|
Batting: RHB Ben Simpson
|
0-0: Ball 1-0: Called Strike 1-1: Called Strike 1-2: Strikes out looking
|
Batting: RHB Manuel Espinosa
|
0-0: Called Strike 0-1: Foul Ball, location: 2F 0-2: Ball 1-2: Ball 2-2: Ball 3-2: Strikes out swinging
|
Batting: RHB Edgardo Morales
|
0-0: Called Strike 0-1: Reached on error, E5 (Groundball, 5)
|
Batting: LHB Jack Davis
|
0-0: Called Strike 0-1: Foul Ball, location: 2F 0-2: 2-RUN HOME RUN (Flyball, 78D), Distance : 379 ft
|
Batting: RHB Simon Plante
|
0-0: Ball 1-0: Ball 2-0: Called Strike 2-1: Foul Ball, location: 2F 2-2: Ball 3-2: Fly out, F5 (Popup, 5SF)
|
Top of the 1st over - 3 run(s), 2 hit(s), 1 error(s), 0 left on base; Overland Park HS 3 - Buchanan HS 0 |
BOTTOM OF THE 1ST |
Buchanan HS batting - Pitching for Overland Park HS Triplets : RHP Matt Metcalf
|
Pitching: RHP Matt Metcalf
|
|
Batting: RHB Michael Elliott
|
0-0: Called Strike 0-1: Ball 1-1: SINGLE (Flyball, 89S)
|
Batting: RHB Tommy Reid
|
0-0: DOUBLE (Flyball, 89M) Michael Elliott to third
|
Batting: LHB Jesús Torres
|
0-0: Ball Wild Pitch! Michael Elliott scores Tommy Reid to third 1-0: Ball 2-0: Ball 3-0: Called Strike 3-1: Foul Ball, location: 2F 3-2: Base on Balls
|
Batting: RHB Allen Miller
|
0-0: Foul Ball, location: 2F 0-1: Foul Ball, location: 2F 0-2: Strikes out swinging
|
Batting: RHB Henry Rice
|
0-0: Called Strike 0-1: Foul Ball, location: 2F 0-2: Ball 1-2: Ground out 5-3 (Groundball, 5S) Tommy Reid scores Jesús Torres to second
|
Batting: RHB Dewey Tyree
|
0-0: Called Strike 0-1: Ball 1-1: Swinging Strike 1-2: Ball 2-2: Strikes out swinging
|
Bottom of the 1st over - 2 run(s), 2 hit(s), 0 error(s), 1 left on base; Overland Park HS 3 - Buchanan HS 2 |
TOP OF THE 2ND |
Overland Park HS Triplets batting - Pitching for Buchanan HS : RHP Luis Orama
|
Batting: RHB Nicolas Fillion
|
0-0: Called Strike 0-1: Ball 1-1: Called Strike 1-2: Strikes out swinging
|
Batting: RHB Preston Church
|
0-0: Called Strike 0-1: Ball 1-1: Called Strike 1-2: Ground out 4-3 (Groundball, 4)
|
Batting: RHB Lorne McClain
|
0-0: Ball 1-0: Swinging Strike 1-1: Ball 2-1: Ball 3-1: Called Strike 3-2: Foul Ball, location: 2F 3-2: Strikes out looking
|
Top of the 2nd over - 0 run(s), 0 hit(s), 0 error(s), 0 left on base; Overland Park HS 3 - Buchanan HS 2 |
BOTTOM OF THE 2ND |
Buchanan HS batting - Pitching for Overland Park HS Triplets : RHP Matt Metcalf
|
Batting: LHB Jeff MacKinney
|
0-0: Ball 1-0: Ball 2-0: Called Strike 2-1: Swinging Strike 2-2: Ball 3-2: Foul Ball, location: 2F 3-2: Base on Balls
|
Batting: RHB Eugene Logan
|
0-0: Ball 1-0: Ball 2-0: Called Strike 2-1: Foul Ball, location: 2F 2-2: Ball 3-2: Strikes out looking
|
Batting: RHB Luis Orama
|
0-0: Called Strike 0-1: Ball 1-1: Fly out, F8 (Flyball, 8LM)
|
Batting: RHB Michael Elliott
|
0-0: Called Strike 0-1: Foul Ball, location: 2F 0-2: Foul Ball, location: 2F 0-2: Ball 1-2: Strikes out looking
|
Bottom of the 2nd over - 0 run(s), 0 hit(s), 0 error(s), 1 left on base; Overland Park HS 3 - Buchanan HS 2 |
TOP OF THE 3RD |
Overland Park HS Triplets batting - Pitching for Buchanan HS : RHP Luis Orama
|
Batting: LHB John Washington
|
0-0: Ball 1-0: Ball 2-0: Ball 3-0: Base on Balls
|
Batting: RHB Ben Simpson
|
0-0: Ball 1-0: Fly out, F7 (Flyball, 7D)
|
Batting: RHB Manuel Espinosa
|
0-0: Ball 1-0: Called Strike John Washington steals 2nd base 1-1: DOUBLE (Flyball, 9LS) John Washington scores
|
Batting: RHB Edgardo Morales
|
0-0: Ball 1-0: Ball 2-0: Ball 3-0: Base on Balls
|
Batting: LHB Jack Davis
|
0-0: Ball 1-0: Foul Ball, location: 2F 1-1: Foul Ball, location: 2F 1-2: Ball 2-2: Ball 3-2: DOUBLE (Groundball, 3D) Manuel Espinosa scores Edgardo Morales to third
|
Batting: RHB Simon Plante
|
0-0: SINGLE (Line Drive, 6M) Edgardo Morales scores Jack Davis to third Runner from 3rd tries for Home, throw and OUT! Simon Plante to second
|
Batting: RHB Nicolas Fillion
|
0-0: Called Strike 0-1: Ball 1-1: Foul Ball, location: 2F 1-2: Strikes out looking
|
Top of the 3rd over - 3 run(s), 3 hit(s), 0 error(s), 1 left on base; Overland Park HS 6 - Buchanan HS 2 |
BOTTOM OF THE 3RD |
Buchanan HS batting - Pitching for Overland Park HS Triplets : RHP Matt Metcalf
|
Batting: RHB Tommy Reid
|
0-0: Ball 1-0: Called Strike 1-1: Ball 2-1: Swinging Strike 2-2: Foul Ball, location: 2F 2-2: Ball 3-2: Base on Balls
|
Batting: LHB Jesús Torres
|
0-0: Fielders Choice at 2nd, 6-4 (Groundball, 6M)
|
Batting: RHB Allen Miller
|
0-0: Ball 1-0: SINGLE (Groundball, 4MD) Jesús Torres to second
|
Batting: RHB Henry Rice
|
0-0: Called Strike 0-1: Ball 1-1: Ball 2-1: DOUBLE (Line Drive, 9LS) Jesús Torres scores Allen Miller to third
|
Batting: RHB Dewey Tyree
|
0-0: Called Strike 0-1: Fly out, F6 (Line Drive, 6)
|
Batting: LHB Jeff MacKinney
|
0-0: Ball 1-0: Swinging Strike 1-1: Ball 2-1: Foul Ball, location: 2F 2-2: Ball 3-2: Base on Balls
|
Batting: RHB Eugene Logan
|
0-0: Ball 1-0: Foul Ball, location: 2F 1-1: Ball 2-1: Ball 3-1: Base on Balls Allen Miller scores Henry Rice to third Jeff MacKinney to second
|
Batting: RHB Luis Orama
|
0-0: Called Strike 0-1: Foul Ball, location: 2F 0-2: Ball 1-2: Strikes out swinging
|
Bottom of the 3rd over - 2 run(s), 2 hit(s), 0 error(s), 3 left on base; Overland Park HS 6 - Buchanan HS 4 |
TOP OF THE 4TH |
Overland Park HS Triplets batting - Pitching for Buchanan HS : RHP Luis Orama
|
Batting: RHB Preston Church
|
0-0: Ground out 6-3 (Groundball, 6M)
|
Batting: RHB Lorne McClain
|
0-0: Ground out 6-3 (Groundball, 6M)
|
Batting: LHB John Washington
|
0-0: Foul Ball, location: 2F 0-1: Swinging Strike 0-2: Ball 1-2: Fly out, F6 (Popup, 7LS)
|
Top of the 4th over - 0 run(s), 0 hit(s), 0 error(s), 0 left on base; Overland Park HS 6 - Buchanan HS 4 |
BOTTOM OF THE 4TH |
Buchanan HS batting - Pitching for Overland Park HS Triplets : RHP Matt Metcalf
|
Batting: RHB Michael Elliott
|
0-0: Called Strike 0-1: Fly out, F7 (Line Drive, 7M)
|
Batting: RHB Tommy Reid
|
0-0: Foul Ball, location: 2F 0-1: Ball 1-1: Ball 2-1: Fly out, F4 (Line Drive, 4)
|
Batting: LHB Jesús Torres
|
0-0: Called Strike 0-1: Ball 1-1: Ground out 1-3 (Groundball, 13S)
|
Bottom of the 4th over - 0 run(s), 0 hit(s), 0 error(s), 0 left on base; Overland Park HS 6 - Buchanan HS 4 |
TOP OF THE 5TH |
Overland Park HS Triplets batting - Pitching for Buchanan HS : RHP Luis Orama
|
Batting: RHB Ben Simpson
|
0-0: Ball 1-0: Ball 2-0: Ball 3-0: Base on Balls
|
Batting: RHB Manuel Espinosa
|
0-0: Ball 1-0: Called Strike 1-1: Swinging Strike 1-2: Ball 2-2: Fly out, F8 (Flyball, 8RM)
|
Batting: RHB Edgardo Morales
|
0-0: Called Strike Ben Simpson is caught stealing 2nd base 0-1: SINGLE (Groundball, 56D)
|
Pitching: RHP Pierre Breton
|
|
Batting: LHB Jack Davis
|
0-0: Called Strike 0-1: SINGLE (Groundball, 6M) Edgardo Morales to second
|
Batting: RHB Simon Plante
|
0-0: SINGLE (Groundball, 5L) Edgardo Morales to third Jack Davis to second Runner from 3rd tries for Home, SAFE, no throw or cutoff
|
Batting: RHB Nicolas Fillion
|
0-0: Ball 1-0: Called Strike 1-1: Fly out, F9 (Flyball, 9LM)
|
Top of the 5th over - 1 run(s), 3 hit(s), 0 error(s), 2 left on base; Overland Park HS 7 - Buchanan HS 4 |
BOTTOM OF THE 5TH |
Buchanan HS batting - Pitching for Overland Park HS Triplets : RHP Matt Metcalf
|
Pitching: RHP Ronald Crockett
|
|
Batting: RHB Allen Miller
|
0-0: SINGLE (Groundball, 56)
|
Batting: RHB Henry Rice
|
0-0: Called Strike 0-1: SINGLE (Groundball, 34D) Allen Miller to second Throwing error, E9 Allen Miller scores Henry Rice to second
|
Batting: RHB Dewey Tyree
|
0-0: Fly out, F7 (Flyball, 7LMF)
|
Batting: LHB Jeff MacKinney
|
0-0: Called Strike 0-1: Ball 1-1: Foul Ball, location: 2F 1-2: Ground out 1-3 (Groundball, 15)
|
Batting: RHB Eugene Logan
|
0-0: Foul Ball, location: 2F 0-1: Called Strike 0-2: Ball 1-2: Strikes out swinging
|
Bottom of the 5th over - 1 run(s), 2 hit(s), 1 error(s), 1 left on base; Overland Park HS 7 - Buchanan HS 5 |
TOP OF THE 6TH |
Overland Park HS Triplets batting - Pitching for Buchanan HS : RHP Pierre Breton
|
Batting: RHB Preston Church
|
0-0: Ball 1-0: Ball 2-0: Foul Ball, location: 2F 2-1: Foul Ball, location: 2F 2-2: Ground out 6-3 (Groundball, 6MS)
|
Batting: RHB Lorne McClain
|
0-0: Ball 1-0: Foul Ball, location: 2F 1-1: Called Strike 1-2: Foul Ball, location: 2F 1-2: Ball 2-2: Ball 3-2: SINGLE (Groundball, 4D)
|
Batting: LHB John Washington
|
0-0: Foul Ball, location: 2F 0-1: DOUBLE (Groundball, 3L) Lorne McClain to third
|
Batting: RHB Ben Simpson
|
0-0: Fly out, F6 (Popup, 56)
|
Batting: RHB Manuel Espinosa
|
0-0: Ball 1-0: Ball 2-0: Called Strike 2-1: Foul Ball, location: 2F 2-2: Strikes out swinging
|
Top of the 6th over - 0 run(s), 2 hit(s), 0 error(s), 2 left on base; Overland Park HS 7 - Buchanan HS 5 |
BOTTOM OF THE 6TH |
Buchanan HS batting - Pitching for Overland Park HS Triplets : RHP Ronald Crockett
|
Batting: RHB Luis Orama
|
0-0: Foul Ball, location: 2F 0-1: Foul Ball, location: 2F 0-2: Ball 1-2: Ball 2-2: Ground out 6-3 (Groundball, 6)
|
Batting: RHB Michael Elliott
|
0-0: Called Strike 0-1: Foul Ball, location: 2F 0-2: Ball 1-2: Ball 2-2: Foul Ball, location: 2F 2-2: Strikes out looking
|
Batting: RHB Tommy Reid
|
0-0: Ball 1-0: Foul Ball, location: 2F 1-1: Foul Ball, location: 2F 1-2: Ball 2-2: Ball 3-2: Strikes out swinging
|
Bottom of the 6th over - 0 run(s), 0 hit(s), 0 error(s), 0 left on base; Overland Park HS 7 - Buchanan HS 5 |
TOP OF THE 7TH |
Overland Park HS Triplets batting - Pitching for Buchanan HS : RHP Pierre Breton
|
Batting: RHB Edgardo Morales
|
0-0: Called Strike 0-1: Ground out 1-3 (Groundball, 15)
|
Batting: LHB Jack Davis
|
0-0: Called Strike 0-1: Swinging Strike 0-2: Foul Ball, location: 2F 0-2: Strikes out swinging
|
Batting: RHB Simon Plante
|
0-0: Swinging Strike 0-1: Foul Ball, location: 2F 0-2: Ball 1-2: Strikes out looking
|
Top of the 7th over - 0 run(s), 0 hit(s), 0 error(s), 0 left on base; Overland Park HS 7 - Buchanan HS 5 |
BOTTOM OF THE 7TH |
Buchanan HS batting - Pitching for Overland Park HS Triplets : RHP Ronald Crockett
|
Pitching: RHP Tom Skiffington
|
|
Batting: LHB Jesús Torres
|
0-0: Swinging Strike 0-1: Ball 1-1: Ground out 1-3 (Groundball, 13)
|
Batting: RHB Allen Miller
|
0-0: Ball 1-0: Ball 2-0: Ball 3-0: Called Strike 3-1: Called Strike 3-2: Base on Balls
|
Batting: RHB Henry Rice
|
0-0: Ball Allen Miller is caught stealing 2nd base 1-0: Called Strike 1-1: Called Strike 1-2: Ball 2-2: Foul Ball, location: 2F 2-2: Strikes out swinging
|
Bottom of the 7th over - 0 run(s), 0 hit(s), 0 error(s), 0 left on base; Overland Park HS 7 - Buchanan HS 5 |
TOP OF THE 8TH |
Overland Park HS Triplets batting - Pitching for Buchanan HS : RHP Pierre Breton
|
Pitching: LHP James Montgomery
|
|
Batting: RHB Nicolas Fillion
|
0-0: Called Strike 0-1: Ball 1-1: Fly out, F7 (Flyball, 78XD)
|
Batting: RHB Preston Church
|
0-0: Ball 1-0: Foul Ball, location: 2F 1-1: Swinging Strike 1-2: Ball 2-2: Ball 3-2: Base on Balls
|
Batting: RHB Lorne McClain
|
0-0: Ball 1-0: Called Strike 1-1: Foul Ball, location: 2F 1-2: Foul Ball, location: 2F 1-2: Foul Ball, location: 2F 1-2: Ball 2-2: Foul Ball, location: 2F Error on foul ball, E5 2-2: Ball 3-2: Strikes out looking
|
Batting: LHB John Washington
|
0-0: Called Strike 0-1: Swinging Strike 0-2: Ball 1-2: Ball 2-2: Foul Ball, location: 2F 2-2: Strikes out looking
|
Top of the 8th over - 0 run(s), 0 hit(s), 1 error(s), 1 left on base; Overland Park HS 7 - Buchanan HS 5 |
BOTTOM OF THE 8TH |
Buchanan HS batting - Pitching for Overland Park HS Triplets : RHP Tom Skiffington
|
Batting: RHB Dewey Tyree
|
0-0: Foul Ball, location: 2F 0-1: Foul Ball, location: 2F 0-2: Ball 1-2: Foul Ball, location: 2F 1-2: Ball 2-2: Ball 3-2: Fly out, F7 (Flyball, 7M)
|
Batting: LHB Jeff MacKinney
|
0-0: Fly out, F8 (Flyball, 8LM)
|
Batting: RHB Eugene Logan
|
0-0: Called Strike 0-1: Ball 1-1: Called Strike 1-2: Foul Ball, location: 2F 1-2: SINGLE (Line Drive, 34D)
|
Pitching: RHP Chris Smith
|
|
Batting: RHB Luis Orama
|
0-0: Called Strike 0-1: Fly out, F7 (Flyball, 7M)
|
Bottom of the 8th over - 0 run(s), 1 hit(s), 0 error(s), 1 left on base; Overland Park HS 7 - Buchanan HS 5 |
TOP OF THE 9TH |
Overland Park HS Triplets batting - Pitching for Buchanan HS : LHP James Montgomery
|
Pitching: LHP Gustavo Sánchez
|
|
Batting: RHB Ben Simpson
|
0-0: Called Strike 0-1: Swinging Strike 0-2: Strikes out swinging
|
Batting: RHB Manuel Espinosa
|
0-0: Called Strike 0-1: Foul Ball, location: 2F 0-2: Foul Ball, location: 2F 0-2: Ball 1-2: Foul Ball, location: 2F 1-2: Ball 2-2: Strikes out swinging
|
Batting: RHB Edgardo Morales
|
0-0: Ball 1-0: Called Strike 1-1: Ball 2-1: Ball 3-1: Base on Balls
|
Batting: LHB Jack Davis
|
0-0: Called Strike 0-1: Ball 1-1: Ball 2-1: Swinging Strike 2-2: Foul Ball, location: 2F 2-2: DOUBLE (Flyball, 78XD) Edgardo Morales to third
|
Batting: RHB Simon Plante
|
0-0: Called Strike 0-1: Swinging Strike 0-2: Foul Ball, location: 2F 0-2: Strikes out swinging
|
Top of the 9th over - 0 run(s), 1 hit(s), 0 error(s), 2 left on base; Overland Park HS 7 - Buchanan HS 5 |
BOTTOM OF THE 9TH |
Buchanan HS batting - Pitching for Overland Park HS Triplets : RHP Chris Smith
|
Pitching: RHP Cecil De La Garza
|
|
Batting: RHB Michael Elliott
|
0-0: Ball 1-0: Swinging Strike 1-1: Ground out U3 (Groundball, 3S)
|
Batting: RHB Tommy Reid
|
0-0: Ball 1-0: Fly out, F4 (Popup, 3DF)
|
Batting: LHB Jesús Torres
|
0-0: Ball 1-0: Ball 2-0: Ground out 4-3 (Groundball, 4)
|
Bottom of the 9th over - 0 run(s), 0 hit(s), 0 error(s), 0 left on base; Overland Park HS 7 - Buchanan HS 5 |
|